AoeStats
← Father Slugmas

Nomad

510623249Analyzed
3v3 RM · 19h ago on Oct 1, 2026· 28m 53s· 6 players
Game mode
Random Map
Map size
210×210
Population
200
Speed
Normal
Resources
Standard
Victory
Conquest
Starting age
Dark Age
Ending age
Imperial Age
RankedLock teamsTeams togetherTeam positionsShared explorationLock speedFull tech treeHidden civsTurbo modeCheats
Victory
Defeat
🇬🇧 Varangians · United Kingdom
1278
+14
🇬🇧 Danes · United Kingdom
1202
+17
🇬🇧 Berbers · United Kingdom
1184
+17
🇦🇹 Berbers · Austria
1275
-18
🇺🇸 Khmer · United States
1214
-16
🇺🇸 Goths · United States
1172
-14
BittenDork
4:26 Loom
13:26 Feudal Age
18:39 Castle Age
18:12 Bloodlines
20:58 Double-Bit Axe
Teufelchen
5:32 Loom
14:29 Feudal Age
18:46 Castle Age
17:09 Double-Bit Axe
20:12 Bow Saw
21:11 Medium Warships
24:21 Forging
25:12 Wheelbarrow
24:51 Scale Barding Armor
25:16 Horse Collar
renehvac
5:19 Loom
13:42 Feudal Age
15:13 Man-at-Arms
20:51 Castle Age
19:20 Scale Mail Armor
20:55 Long Swordsman
23:49 Fletching
25:20 Pikeman
28:43 Wheelbarrow
King Slug
4:11 Loom
14:01 Feudal Age
14:27 Double-Bit Axe
20:05 Castle Age
18:47 Fletching
20:55 Bodkin Arrow
22:37 Town Watch
25:38 Ballistics
26:18 Bow Saw
28:05 Wheelbarrow
Father Slugmas
4:00 Loom
4:34 Loom
13:54 Feudal Age
14:35 Double-Bit Axe
15:45 Gold Mining
16:03 Fletching
17:37 Fishing Lines
22:15 Castle Age
21:55 Stone Mining
23:12 Medium Warships
22:29 Crossbowman
23:43 Thumb Ring
23:02 Pikeman
Slug Life
3:56 Loom
14:28 Feudal Age
14:29 Man-at-Arms
18:32 Fletching
22:08 Castle Age
22:52 Forging
25:44 Medium Warships
29:03 Fishing Lines
Connection lost

Rejoining the realm…

Still unreachable

The connection could not be restored.

Session expired

The server has moved on; the page needs a fresh start.